 Dungeon Crawl Stone Soup version 0.23-a0-301-g9da9e51 (webtiles) character file.

1860 vierth the Covert (level 8, -4/36 HPs)
             Began as a Spriggan Enchanter on Oct 7, 2018.
             Was an Initiate of Dithmenos.
             Slain by a bullfrog (5 damage)
             ... on level 7 of the Dungeon.
             The game lasted 00:27:30 (7597 turns).

vierth the Covert (Spriggan Enchanter)              Turns: 7597, Time: 00:27:31

Health: -4/36      AC:  2    Str:  4    XL:     8   Next: 89%
Magic:  12/19      EV: 18    Int: 19    God:    Dithmenos [......]
Gold:   250        SH:  0    Dex: 16    Spells: 12/20 levels left

rFire    . . .     SeeInvis +   a - +1 dagger
rCold    . . .     Gourm    .   (shield restricted)
rNeg     . . .     Faith    .   b - +0 robe
rPois    .         Spirit   .   (helmet restricted)
rElec    .         Reflect  .   (no cloak)
rCorr    .         Harm     .   (gloves unavailable)
MR       +....                  (boots unavailable)
Stlth    ++++......             m - amulet of regeneration
HPRegen  0.52/turn              (no ring)
MPRegen  0.16/turn              (no ring)

@: lethally poisoned (-4 -> -4), very quick
A: very small, unfitting armour, see invisible, herbivore, speed 3, slow
metabolism 2
a: Renounce Religion


You were on level 7 of the Dungeon.
You worshipped Dithmenos.
Dithmenos was noncommittal.
You were not hungry.

You visited 2 branches of the dungeon, and saw 8 of its levels.

You collected 250 gold pieces.

Inventory:

Hand Weapons
 a - a +1 dagger (weapon)
Armour
 b - a +0 robe (worn)
Jewellery
 m - an amulet of regeneration (around neck)
 D - an uncursed ring of positive energy {unknown}
Wands
 l - a wand of acid (5)
 w - a wand of paralysis (23)
Scrolls
 c - 6 scrolls of identify
 e - 2 scrolls of random uselessness {unknown}
 f - 4 scrolls of enchant weapon {unknown}
 g - 2 scrolls of fog {unknown}
 h - 3 scrolls of immolation {unknown}
 k - 3 scrolls of teleportation {unknown}
 n - 2 scrolls of noise {unknown}
 o - 2 scrolls of enchant armour {unknown}
 q - 3 scrolls of amnesia
 t - a scroll of fear {unknown}
 v - 4 scrolls of remove curse {unknown}
 y - a scroll of blinking {unknown}
 A - a scroll of brand weapon {unknown}
 C - a scroll of magic mapping {unknown}
Potions
 i - 2 potions of degeneration {unknown}
 j - 3 potions of lignification {unknown}
 p - 2 potions of curing {unknown}
 r - a potion of heal wounds {unknown}
 s - a potion of invisibility {unknown}
 u - 2 potions of haste {unknown}
 x - a potion of mutation {unknown}
 z - 3 potions of brilliance {unknown}
 B - a potion of magic {unknown}
Comestibles
 d - 10 rations


   Skills:
 * Level 8.0 Short Blades
 - Level 3.0 Dodging
 + Level 9.2 Stealth
 + Level 6.7 Spellcasting
 + Level 7.1 Hexes


You had 12 spell levels left.
You knew the following spells:

 Your Spells              Type           Power        Failure   Level  Hunger
a - Corona                Hex            ####...      1%          1    None
b - Ensorcelled Hibernat  Hex/Ice        ###...       3%          2    None
c - Confuse               Hex            ####....     1%          3    ##.....
d - Blink                 Tloc           N/A          16%         2    None

Your spell library contained the following spells:

 Spells                   Type           Power        Failure   Level  Hunger
 Slow                     Hex            ####....     1%          2    None
 Tukima's Dance           Hex            ####....     1%          3    ##.....
 Dazzling Spray           Conj/Hex       ###...       8%          3    ##.....
 Magic Dart               Conj           #...         11%         1    None
 Call Imp                 Summ           #.......     16%         2    None
 Conjure Flame            Conj/Fire      #.......     30%         3    ##.....
 Mephitic Cloud           Conj/Pois/Air  #.......     30%         3    ##.....


Dungeon Overview and Level Annotations

Branches:
Dungeon (7/15)             Temple (1/1) D:7

Altars:
Ashenzari
Cheibriados
Dithmenos
Elyvilon
Fedhas
Gozag
Hepliaklqana
Kikubaaqudgha
Makhleb
Nemelex Xobeh
Okawaru
Qazlal
Ru
Sif Muna
Trog
Uskayaw
Vehumet
Wu Jian
Xom
Yredelemnul
Zin
The Shining One

Shops:
D:5 ?


Innate Abilities, Weirdness & Mutations

You are very small and have problems with some larger weapons.
You are too small for most types of armour.
You have supernaturally acute eyesight. (SInv)
You are a herbivore.
You cover ground extremely quickly.
You need to consume almost no food.


Message History

You are more poisoned.
The killer bee poisons you! The bullfrog completely misses you.
You hit the killer bee.
The killer bee is heavily wounded.
The killer bee barely misses you. The hog barely misses you.
The bullfrog completely misses you. The hog completely misses you.
You barely miss the killer bee.
The killer bee is heavily wounded.
* * * LOW HITPOINT WARNING * * *
You feel sick. The killer bee misses you. The hog misses you.
The bullfrog misses you.
You closely miss the killer bee.
The killer bee is heavily wounded.
The killer bee closely misses you. The hog completely misses you.
The killer bee barely misses you.
You hit the killer bee.
The killer bee is severely wounded.
* * * LOW HITPOINT WARNING * * *
You feel sick. The bullfrog hits you.
You die...

#.# #.# .. #.# #.
##.# .. ..#.# ###.
.Y.#.####z.. ###
#'###......#.
##h#....%#..##.#.Z
#@hpY..%%#..##.##.
#yF#######..##.##.
#Z######...(##'#..
#...F...Z.Z.......
########..........
#..........
#..........
#....###### #....#


You could see a yak, 2 hogs, a human, a bullfrog, a killer bee and a water
moccasin skeleton.

Vanquished Creatures
  A wyvern (D:4)
  Eustachio (D:6)
  Edmund (D:6)
  An orc warrior (D:7)
  A sky beast (D:5)
  4 ogres
  Blork the orc (D:6)
  A scorpion (D:5)
  A howler monkey (D:5)
  4 crimson imps
  A bullfrog zombie (D:6)
  A hound (D:6)
  3 orc wizards
  An orc priest (D:6)
  A gnoll shaman (D:5)
  An iguana (D:6)
  18 gnolls
  9 adders
  A shadow imp (D:5)
  An ooze (D:1)
  An adder skeleton (D:7)
  6 worms
  4 dart slugs
  7 leopard geckos
  11 orcs
  16 giant cockroaches
  15 goblins
  11 hobgoblins
  2 quokkas (D:3)
  8 bats
  4 frilled lizards
  5 kobolds
  A quokka zombie (D:5)
  6 rats
150 creatures vanquished.

Notes
Turn   | Place    | Note
-------+----------+-------------------------------------------
     0 | D:1      | vierth the Spriggan Enchanter began the quest for the Orb.
     0 | D:1      | Reached XP level 1. HP: 9/9 MP: 5/5
   730 | D:1      | Reached XP level 2. HP: 11/13 MP: 6/6
   770 | D:1      | Learned a level 2 spell: Ensorcelled Hibernation
  1351 | D:1      | Reached XP level 3. HP: 15/16 MP: 8/8
  1668 | D:2      | Reached skill level 5 in Stealth
  2107 | D:2      | Reached XP level 4. HP: 21/21 MP: 2/10
  3046 | D:3      | Found a white marble altar of Elyvilon.
  3052 | D:3      | Reached XP level 5. HP: 24/24 MP: 6/11
  3400 | D:3      | Reached skill level 6 in Stealth
  3927 | D:3      | Learned a level 3 spell: Confuse
  3930 | D:3      | Learned a level 2 spell: Blink
  3947 | D:4      | Noticed a wyvern
  3983 | D:4      | Noticed an ogre
  3989 | D:4      | Killed an ogre
  3989 | D:4      | Reached XP level 6. HP: 28/28 MP: 6/13
  4309 | D:4      | Killed a wyvern
  4309 | D:4      | Reached skill level 5 in Short Blades
  4309 | D:4      | Reached skill level 5 in Hexes
  4363 | D:5      | Entered Level 5 of the Dungeon
  4380 | D:5      | Found Melasi's Magic Scroll Emporium.
  4433 | D:5      | Reached skill level 7 in Stealth
  4433 | D:5      | Reached XP level 7. HP: 32/32 MP: 8/15
  4454 | D:5      | Reached skill level 5 in Spellcasting
  5419 | D:5      | Reached XP level 8. HP: 26/36 MP: 6/17
  5461 | D:6      | Reached skill level 8 in Stealth
  5548 | D:6      | Noticed Edmund
  5716 | D:6      | Noticed Blork the orc
  5726 | D:6      | Killed Blork the orc
  6127 | D:6      | Killed Edmund
  6264 | D:6      | Noticed Eustachio
  6268 | D:6      | Killed Eustachio
  6742 | D:7      | Found a staircase to the Ecumenical Temple.
  6747 | Temple   | Entered the Ecumenical Temple
  6909 | Temple   | Became a worshipper of Dithmenos the Shadowed
  6990 | D:7      | Reached skill level 9 in Stealth
  7597 | D:7      | HP: 1/36 [poisoned by a killer bee]
  7597 | D:7      | Slain by a bullfrog

Vault maps used:
D:1:      minmay_arrival_checkered_box, minmay_tromino_i4
D:2:      kennysheep_generic_room_14
D:3:      minmay_roachtagon, elyvilon_altar_5
D:4:      minmay_misc_feat_chi, corexii_leaking_fountain
D:5:      first_ration, serial_shops, nicolae_shop_stone
D:6:      uniq_eustachio, uniq_edmund, uniq_blork_the_orc
D:7:      temple_fountains, grunt_livestock, st_stairs_4
Temple:   minmay_crystal_snake_temple

Skill      XL: |  1  2  3  4  5  6  7  8 |
---------------+-------------------------+-----
Spellcasting   | 3 4 5 6 |  6.7
Short Blades   | 2 3 4 5 6 8 |  8.0
Hexes          | 4 5 6 7 |  7.1
Stealth        | 5 6 7 9 |  9.2
Dodging        | |  3.0

Action                   |  1- 3 |  4- 6 |  7- 9 || total
-------------------------+-------+-------+-------++-------
Melee: Dagger            |   143 |   192 |   411 ||   746
 Cast: Ensorcelled Hiber |    26 |    69 |    70 ||   165
       Confuse           |       |       |     9 ||     9
  Use: Scroll            |       |     2 |     2 ||     4
 Stab: Sleeping          |    19 |    49 |    43 ||   111
       Distracted        |     2 |       |       ||     2
  Eat: Ration            |     1 |     2 |     2 ||     5
Armor: Robe              |    22 |     6 |    19 ||    47
Dodge: Dodged            |   156 |   131 |   237 ||   524

Table legend:
 A = Non-vault XP
 B = Vault XP
 C = Vault XP percentage of total XP
 D = Non-vault monster count
 E = Vault monster count
 F = Vault count percentage of total count
                 A         B        C        D         E       F
            +---------+---------+-------+---------+---------+-------
      Total |    2168 |     490 |  18.4 |     133 |      17 |  11.3
            +---------+---------+-------+---------+---------+-------
        D:1 |      64 |       4 |   5.9 |      25 |       3 |  10.7
        D:2 |      95 |      14 |  12.8 |      21 |       1 |   4.5
        D:3 |     178 |      20 |  10.1 |      34 |      10 |  22.7
        D:4 |     342 |       0 |   0.0 |       4 |       0 |   0.0
        D:5 |     750 |       0 |   0.0 |      22 |       0 |   0.0
        D:6 |     350 |     452 |  56.4 |      11 |       3 |  21.4
        D:7 |     389 |       0 |   0.0 |      16 |       0 |   0.0
            +---------+---------+-------+---------+---------+-------
